 Dungeon Crawl Stone Soup version 0.30.1-3-gfc49f6343a (webtiles) character file.

Game seed: 15319763882298607487

125 shmup the Firebug (level 5, 0/28 HPs)
             Began as a Tengu Fire Elementalist on July 23, 2023.
             Was an Initiate of Cheibriados.
             Slain by a gnoll
             ... wielding a +0 whip
              (4 damage)
             ... on level 4 of the Dungeon.
             The game lasted 00:12:27 (2516 turns).

shmup the Firebug (Tengu Fire Elementalist)         Turns: 2516, Time: 00:12:27

Health: 0/28       AC:  4    Str: 10    XL:     5   Next: 9%
Magic:  0/9        EV: 15    Int: 18    God:    Cheibriados [......]
Gold:   184        SH:  0    Dex: 21    Spells: 5/8 levels left

rFire   . . .        m - +0 spear
rCold   . . .        (no shield)
rNeg    . . .        f - +2 robe {Will+}
rPois   .            (helmet restricted)
rElec   .            (no cloak)
rCorr   .            (no gloves)
SInv    .            (boots unavailable)
Will    +....        g - amulet of guardian spirit
Stlth   ++           u - +6 ring of dexterity
HPRegen 0.24/turn    (no ring)
MPRegen 0.11/turn

%: guardian spirit
@: flying quickly and evasively, slow
A: beak, talons 3, nimble flight
a: Renounce Religion


You were on level 4 of the Dungeon.
You worshipped Cheibriados.
Cheibriados was noncommittal.
You visited 2 branches of the dungeon, and saw 6 of its levels.

You collected 184 gold pieces.

Inventory:

Hand Weapons
 h - a +0 dagger
 m - a +0 spear (weapon)
Missiles
 c - 5 stones (quivered)
 t - 3 silver boomerangs
Armour
 a - a +0 robe
 f - a +2 robe of willpower (worn)
Magical Staves
 r - a staff of earth
Jewellery
 g - an amulet of guardian spirit (around neck)
 u - a +6 ring of dexterity (left hand)
Scrolls
 d - a scroll of enchant armour {unknown}
 e - 2 scrolls of amnesia {unknown}
 i - a scroll of poison {unknown}
 k - 2 scrolls of vulnerability {unknown}
 l - 5 scrolls of fear {unknown}
 n - 2 scrolls of teleportation {unknown}
 o - a scroll of magic mapping {unknown}
 q - a scroll of immolation {unknown}
 s - a scroll of identify {unknown}
Potions
 b - a potion of magic
 j - 2 potions of degeneration {unknown}
 p - a potion of curing {unknown}


   Skills:
 - Level 2.1 Dodging
 - Level 2.0 Stealth
 - Level 2.0 Spellcasting
 + Level 3.6 Conjurations
 * Level 5.4 Fire Magic


You had 5 spell levels left.
You knew the following spells:

 Your Spells              Type           Power      Damage    Failure   Level
a - Foxfire               Conj/Fire      72%        2x1d7     2%          1
b - Scorch                Fire           42%        2d6       3%          2

Your spell library contained the following spells:

 Spells                   Type           Power      Damage    Failure   Level
 Inner Flame              Hex/Fire       11%        N/A       19%         3
 Volatile Blastmotes      Fire/Tloc      22%        2d11      19%         3
 Flame Wave               Conj/Fire      18%        2d7       28%         4


Dungeon Overview and Level Annotations

Branches:
Dungeon (5/15)             Temple (1/1) D:4

Altars:
Ashenzari
Cheibriados
Dithmenos
Elyvilon
Fedhas
Gozag
Hepliaklqana
Kikubaaqudgha
Makhleb
Ru
Xom
Yredelemnul
The Shining One

Shops:
D:3 :

Annotations:
D:4 2 transporters, Cheops's ghost, amateur TrFi


Innate Abilities, Weirdness & Mutations

You have a beak for a mouth.
You have claws for feet.
Your magical nature lets you fly swiftly and evasively.


Message History

The gnoll barely misses you. The gnoll attacks as you move away!
The gnoll hits you with a +0 whip. The gnoll attacks as you move away!
The gnoll completely misses you. The gnoll barely misses you.
The gnoll hits you with a +0 whip! The gnoll attacks as you move away!
The gnoll barely misses you.
Unknown command.
The gnoll attacks as you move away! The gnoll hits you with a +0 whip.
The gnoll completely misses you. The gnoll hits you with a +0 whip.
The gnoll attacks as you move away! The gnoll hits you but does no damage.
The gnoll hits you from afar with a +0 halberd.
* * * LOW HITPOINT WARNING * * *
The gnoll hits you with a +0 whip.
* * * LOW HITPOINT WARNING * * *
The gnoll attacks as you move away! The gnoll hits you with a +0 whip.
* * * LOW HITPOINT WARNING * * *
The gnoll attacks as you move away! The gnoll closely misses you. x2
Okay, then.
Casting: Foxfire (safe; 2% risk of failure)
Confirm with . or Enter, or press ? or * to list all spells.
Flames lash the gnoll.
The gnoll is severely wounded.
The gnoll's fire resistance burns away.
You hear a shout!
The gnoll misses you.
Unknown command.
Casting: Scorch (safe; 3% risk of failure)
Confirm with . or Enter, or press ? or * to list all spells.
Flames lash the gnoll.
The gnoll is severely wounded.
The gnoll's fire resistance burns away.
The gnoll closely misses you.
The gnoll hits you from afar with a +0 spear.
* * * LOW HITPOINT WARNING * * *
The gnoll hits you from afar with a +0 halberd!
* * * LOW HITPOINT WARNING * * *
The gnoll attacks as you move away! The gnoll closely misses you.
The gnoll attacks as you move away! The gnoll hits you but does no damage.
The gnoll attacks as you move away! The gnoll closely misses you.
The gnoll is no longer more vulnerable to fire.
The gnoll barely misses you. The gnoll hits you with a +0 whip.
You die...

.......▒ ▒.▒▒
.......▒▒▒▒▒▒▒+▒▒▒▒▒▒▒g.▒
........................▒
▒▒.▒................▒▒..▒
.......................▒▒
..................g.▒▒▒▒
..<...............g.▒
%....▒▒▒▒▒.......g..▒
...▒▒▒...▒▒▒....Q...▒
...▒^......▒▒.......▒
...▒...▒.▒..▒.......▒
...▒...▒.▒..▒.......▒
..▒▒ ▒.....▒▒.......▒ ..▒
..▒.5▒..▒.▒▒▒▒▒ ..▒
▒^.=5▒^...▒ ..▒▒
...▒)▒..▒▒▒ ..^▒.▒
.▒.▒▒.▒


You could see 3 gnolls.

Vanquished Creatures
  3 adders
  3 gnolls (D:1)
  3 worms
  A dart slug (D:3)
  An orc (D:3)
  4 ball pythons
  5 endoplasms
  A giant cockroach (D:1)
  5 hobgoblins
  5 quokkas
  9 bats
  10 frilled lizards
  3 goblins
  4 kobolds
  4 rats
61 creatures vanquished.

Vanquished Creatures (collateral kills)
  6 foxfires (D:1)
6 creatures vanquished.

Vanquished Creatures (others)
  138 foxfires
138 creatures vanquished.

Grand Total: 205 creatures vanquished

Notes
Turn   | Place    | Note
-------+----------+-------------------------------------------
     0 | D:1      | shmup the Tengu Fire Elementalist began the quest for the
                  | Orb.
     0 | D:1      | Reached XP level 1. HP: 10/10 MP: 4/4
   103 | D:1      | Reached XP level 2. HP: 11/15 MP: 0/6
   296 | D:1      | Reached skill level 4 in Fire Magic
   296 | D:1      | Reached XP level 3. HP: 19/19 MP: 3/7
  1214 | D:2      | Reached XP level 4. HP: 22/24 MP: 5/8
  1273 | D:2      | Learned a level 2 spell: Scorch
  1578 | D:2      | Reached skill level 5 in Fire Magic
  2053 | D:3      | Found a shimmering altar of Xom.
  2185 | D:3      | Found Lusicih's Vocational Training.
  2188 | D:3      | You fall into a shaft and drop 2 floors!
  2188 | D:5      | Entered Level 5 of the Dungeon
  2197 | D:4      | Found a staircase to the Ecumenical Temple.
  2197 | D:4      | Found a transporter.
  2201 | Temple   | Entered the Ecumenical Temple
  2216 | Temple   | Became a worshipper of Cheibriados the Contemplative
  2359 | D:4      | Gained mutation: Your magical nature lets you fly swiftly
                  | and evasively. [Tengu growth]
  2359 | D:4      | Reached XP level 5. HP: 28/28 MP: 7/9
  2435 | D:4      | Found a transporter.
  2439 | D:4      | Noticed Cheops's ghost (amateur TrFi)
  2516 | D:4      | Slain by a gnoll

Illustrated notes

Levels and vault maps discovered:
D:1:      elethiomel_arrival_quiet, layout_basic, minmay_lizard_king
D:2:      layout_basic
D:3:      layout_loops_ring, lemuel_round_altar, mainiacjoe_overflow_24_doors,
          nicolae_shop_vocational
D:4:      layout_rooms, minmay_temple_entry_butterflies,
          gammafunk_ghost_stat_death, minmay_door_square
D:5:      layout_gridville, old_standard_altar
Temple:   nicolae_temple_no_exploring_needed

Skill      XL: |  1  2  3  4 |
---------------+-------------+-----
Conjurations   | 2 3 |  3.6
Fire Magic     | 4 5 |  5.4
Dodging        | |  2.1
Stealth        | |  2.0
Spellcasting   | |  2.0

Action                     |  1- 3 |  4- 6 || total
---------------------------+-------+-------++-------
  Melee: Spear             |     6 |    17 ||    23
         Dagger            |     5 |       ||     5
         Kick              |     2 |     5 ||     7
         Peck              |     1 |     2 ||     3
   Cast: Foxfire           |    45 |    37 ||    82
         Scorch            |       |     5 ||     5
 Armour: Robe              |     7 |     8 ||    15
  Dodge: Dodged            |    18 |    32 ||    50
